 Dungeon Crawl Stone Soup version 0.29.0-15-g675c0067aa (webtiles) character file.

Game seed: 16348423201534902953

1691 writerjack the Cleaver (level 8, 0/62 (66) HPs)
             Began as a Minotaur Berserker on Sept 11, 2022.
             Was a Priest of Trog.
             Slain by a wight
             ... wielding a +2 dagger
              (9 damage)
             ... on level 6 of the Dungeon on Sept 12, 2022.
             The game lasted 00:13:14 (5692 turns).

writerjack the Cleaver (Minotaur Berserker)         Turns: 5692, Time: 00:13:15

HP:   0/62 (66)     AC: 15    Str: 23    XL:     8   Next: 72%
MP:   7/7           EV:  8    Int:  4    God:    Trog [***...]
Gold: 183           SH:  0    Dex: 11    Spells: 7/7 levels left

rFire   + . .      SeeInvis .   m - +0 war axe
rCold   . . .      Faith    .   (no shield)
rNeg    . . .      Spirit   .   t - +4 chain mail {rF+}
rPois   .          Reflect  .   (helmet restricted)
rElec   .          Harm     .   e - +0 cloak
rCorr   .          Rampage  .   y - +0 pair of gloves
Will    .....                   (no boots)
Stlth   ..........              (no amulet)
HPRegen 0.20/turn               (no ring)
MPRegen 0.10/turn               (no ring)

@: drained
A: horns 2, retaliatory headbutt
a: Renounce Religion, Berserk, Trog's Hand


You were on level 6 of the Dungeon.
You worshipped Trog.
Trog was most pleased with you.
You visited 1 branch of the dungeon, and saw 6 of its levels.

You collected 183 gold pieces.

Inventory:

Hand Weapons
 a - a +0 hand axe
 m - a +0 war axe (weapon)
Missiles
 o - 5 boomerangs (quivered)
 z - 6 poisoned darts
Armour
 b - a +0 animal skin
 e - a +0 cloak (worn)
 t - a +4 chain mail of fire resistance (worn)
 u - a +2 leather armour of poison resistance
 y - a +0 pair of gloves (worn)
Scrolls
 c - a scroll of teleportation {unknown}
 f - 2 scrolls of fear
 j - a scroll of butterflies {unknown}
 q - 2 scrolls of blinking
 s - a scroll of noise {unknown}
 v - 2 scrolls of enchant weapon
 w - a scroll of immolation {unknown}
 x - a scroll of identify
Potions
 d - a potion of flight
 g - a potion of cancellation {unknown}
 h - 3 potions of curing
 i - 2 potions of degeneration
 k - a potion of haste {unknown}
 l - a potion of invisibility {unknown}
 n - 2 potions of brilliance {unknown}
 p - a potion of magic {unknown}
 r - a potion of lignification {unknown}


   Skills:
 - Level 4.0 Fighting
 * Level 13.3 Axes
 - Level 3.0 Armour
 - Level 2.6 Dodging


You had 7 spell levels left.
You didn't know any spells.
Your spell library contained the following spells:

 Spells                   Type           Power      Damage    Failure   Level
 Tukima's Dance           Hex            0%         N/A       100%        3
 Passage of Golubria      Tloc           0%         N/A       100%        4
 Yara's Violent Unravell  Hex/Tmut       0%         3d3       100%        5


Dungeon Overview and Level Annotations

Branches:
Dungeon (6/15)
 Temple: D:4-7

Altars:
Gozag
Nemelex Xobeh
The Shining One

Annotations:
D:2 Terence


Innate Abilities, Weirdness & Mutations

You have a pair of horns on your head.
You reflexively headbutt those who attack you in melee.


Message History

Your life force feels restored.
The wight completely misses you.
The wight unwields a +3 flail.
The wight wields a +0 longbow.
The wight shoots an arrow.
The arrow hits you but does no damage. The wight barely misses you.
The wight shoots an arrow.
The arrow barely misses you. The wight misses you.
The wight hits you but does no damage.
You closely miss the wight. You headbutt the wight!
The wight is severely damaged.
The wight hits you but does no damage.
You hit the wight but do no damage.
The wight is severely damaged.
The wight shoots an arrow.
The arrow hits you but does no damage.
The wight hits you from afar with a +4 halberd!
You feel drained. The wight hits you but does no damage.
You completely miss the wight. Your headbutt misses the wight.
The wight is severely damaged.
The wight shoots an arrow.
The arrow hits you.
You hit the wight but do no damage.
You headbutt the wight, but do no damage.
The wight is severely damaged.
The wight hits you from afar with a +4 halberd.
The wight hits you but does no damage.
You hit the wight but do no damage.
The wight is severely damaged.
The wight hits you from afar with a +4 halberd.
You feel drained. The wight hits you but does no damage.
You hit the wight but do no damage. Your headbutt misses the wight.
The wight is severely damaged.
The wight hits you from afar with a +4 halberd.
The wight hits you but does no damage.
The wight shoots an arrow.
The arrow hits you!
* * * LOW HITPOINT WARNING * * *
You hit the wight but do no damage.
The wight is heavily damaged.
The wight hits you from afar with a +4 halberd.
* * * LOW HITPOINT WARNING * * *
The wight hits you with a +2 dagger!
You die...

#
#......(.<.....#
#
#.############.#
###.# #.# ....#
#.# ##### #.# #
#.# # #.# . #.#
# #@# # #z).z# #
###z.# ..# ...
.... #..# ...


You could see 3 wights.

Vanquished Creatures
  Prince Ribbit (D:5)
  Grinder (D:4)
  A water moccasin (D:6)
  Edmund (D:4)
  3 black bears
  An ogre (D:5)
  A phantom (D:4)
  A kobold brigand (D:6)
  2 necrophages
  2 wights (D:6)
  3 hounds
  A jelly (D:4)
  An orc priest (D:5)
  2 iguanas
  8 adders
  3 worms (D:2)
  11 orcs
  9 endoplasms
  2 giant cockroaches (D:1)
  6 goblins
  7 hobgoblins
  2 quokkas
  7 ball pythons
  3 bats
  4 frilled lizards
  10 kobolds
  5 rats
98 creatures vanquished.

Notes
Turn   | Place    | Note
-------+----------+-------------------------------------------
     0 | D:1      | writerjack the Minotaur Berserker began the quest for the
                  | Orb.
     0 | D:1      | Reached XP level 1. HP: 19/19 MP: 0/0
   197 | D:1      | Reached XP level 2. HP: 22/27 MP: 1/1
   408 | D:1      | Reached skill level 4 in Axes
   517 | D:1      | Reached ** piety under Trog
   518 | D:1      | Reached XP level 3. HP: 33/33 MP: 2/2
   611 | D:2      | Noticed Terence
  1546 | D:2      | Reached skill level 5 in Axes
  2011 | D:2      | Reached XP level 4. HP: 38/40 MP: 3/3
  2562 | D:4      | Noticed a black bear
  2570 | D:4      | Killed a black bear
  2571 | D:4      | Reached skill level 6 in Axes
  2571 | D:4      | Reached XP level 5. HP: 25/46 MP: 4/4
  2587 | D:4      | Reached skill level 7 in Axes
  2784 | D:4      | Found a glowing golden altar of the Shining One.
  3032 | D:4      | Noticed a black bear
  3041 | D:4      | Killed a black bear
  3042 | D:4      | Reached skill level 8 in Axes
  3042 | D:4      | Reached XP level 6. HP: 30/52 MP: 5/5
  3220 | D:5      | Entered Level 5 of the Dungeon
  3280 | D:4      | Noticed Grinder
  3300 | D:5      | Reached skill level 9 in Axes
  3300 | D:5      | Reached XP level 7. HP: 34/59 MP: 6/6
  3439 | D:4      | Paralysed by Grinder for 2 turns
  3444 | D:4      | Killed Grinder
  3445 | D:4      | Reached skill level 10 in Axes
  3621 | D:4      | Noticed Edmund
  3630 | D:4      | Killed Edmund
  4032 | D:5      | Reached skill level 11 in Axes
  4121 | D:5      | Reached XP level 8. HP: 32/66 MP: 7/7
  4737 | D:5      | Noticed Prince Ribbit
  4764 | D:5      | Killed Prince Ribbit
  4765 | D:5      | Reached skill level 12 in Axes
  5156 | D:5      | Found an opulent altar of Gozag.
  5157 | D:5      | Found a sparkling altar of Nemelex Xobeh.
  5377 | D:6      | Reached *** piety under Trog
  5391 | D:6      | Reached skill level 13 in Axes
  5692 | D:6      | Slain by a wight

Illustrated notes

Levels and vault maps discovered:
D:1:      amcnicky_arrival_abandoned_market, layout_loops_corners,
          minmay_heptomino_w4
D:2:      layout_basic, kennysheep_pointless_box, uniq_terence
D:3:      layout_loops_ring
D:4:      layout_loops_ring, nicolae_tso_carved_into_rock, uniq_edmund,
          uniq_grinder
D:5:      layout_basic, grunt_temple_overflow_opulence, uniq_prince_ribbit1
D:6:      layout_loops_ring, trog_butcher_becter, uniq_crazy_yiuf_cottage

Skill      XL: |  1  2  3  4  5  6  7  8 |
---------------+-------------------------+-----
Axes           | 4 5 6 8 9 11 13 | 13.3
Fighting       | 4 |  4.0
Armour         | 3 |  3.0
Dodging        | |  2.6

Action                   |  1- 3 |  4- 6 |  7- 9 || total
-------------------------+-------+-------+-------++-------
Melee: Hand axe          |    66 |       |       ||    66
       Headbutt          |    10 |     8 |    19 ||    37
       War axe           |    20 |    54 |    95 ||   169
       Punch             |     1 |       |       ||     1
Invok: Berserk           |       |     1 |     3 ||     4
       Trog's Hand       |       |     1 |     2 ||     3
  Use: Scroll            |       |       |     6 ||     6
 Stab: Sleeping          |     1 |       |       ||     1
Armor: Animal skin       |    15 |     9 |       ||    24
       Chain mail        |       |       |    43 ||    43
Dodge: Dodged            |    53 |    44 |    31 ||   128
